 Dungeon Crawl Stone Soup version 0.28-a0-384-g9e0c098162 (webtiles) character file.

Game seed: 14767857320332532326

27 theanonym the Vexing (level 2, 0/21 HPs)
             Began as a Mummy Enchanter on Sept 1, 2021.
             Slain by a necrophage (5 damage)
             ... on level 2 of the Dungeon on Sept 2, 2021.
             The game lasted 00:02:38 (1772 turns).

theanonym the Vexing (Mummy Enchanter)              Turns: 1772, Time: 00:02:39

Health: 0/21       AC:  6    Str: 11    XL:     2   Next: 93%
Magic:  5/5        EV: 10    Int: 14    God:
Gold:   27         SH:  0    Dex: 12    Spells: 6/6 levels left

rFire   x . .      SeeInvis .   a - +0 short sword
rCold   + . .      Faith    .   (no shield)
rNeg    + + +      Spirit   .   e - +0 ring mail
rPois   ∞          Reflect  .   (no helmet)
rElec   .          Harm     .   (no cloak)
rCorr   .          Rampage  .   d - +0 pair of gloves
Will    .....                   (no boots)
Stlth   +.........              (no amulet)
HPRegen 0.07/turn               (no ring)
MPRegen 0.09/turn               (no ring)

@: no status effects
A: cold resistance 1, negative energy resistance 3, torment resistance 2, heat
vulnerability 1, no potions
a: no special abilities


Innate Abilities, Weirdness & Mutations

You are immune to poison.
Your flesh is cold resistant. (rC+)
You are immune to negative energy. (rN+++)
You are immune to unholy pain and torment.
You are vulnerable to heat. (rF-)
You do not drink.


   Skills:
 + Level 1.3 Fighting
 * Level 2.0 Short Blades
 - Level 1.5 Dodging
 - Level 2.4 Stealth
 - Level 2.6 Spellcasting
 - Level 2.6 Hexes


You had 6 spell levels left.
You didn't know any spells.
Your spell library contained the following spells:

 Spells                   Type           Power      Damage    Failure   Level
 Corona                   Hex            10%        N/A       19%         1
 Ensorcelled Hibernation  Hex/Ice        10%        N/A       43%         2
 Confusing Touch          Hex            9%         N/A       47%         3
 Tukima's Dance           Hex            9%         N/A       47%         3
 Dazzling Flash           Conj/Hex       10%        N/A       67%         3

Skill      XL: |  1  2 |
---------------+-------+-----
Short Blades   | 1 2 |  2.0
Fighting       | 1 |  1.3
Dodging        | |  1.5
Stealth        | |  2.4
Spellcasting   | |  2.6
Hexes          | |  2.6

Action                   || total
-------------------------++-------
Melee: Dagger            ||    71
       Short sword       ||    26
 Stab: Sleeping          ||     2
Armor: Ring mail         ||    28
       Robe              ||     1
Dodge: Dodged            ||    49

Inventory:

Hand Weapons
 a - a +0 short sword (weapon)
Armour
 d - a +0 pair of gloves (worn)
 e - a +0 ring mail (worn)
Scrolls
 b - a scroll of identify {unknown}
 c - 2 scrolls of vulnerability {unknown}
 f - a scroll of enchant weapon {unknown}
 g - 3 scrolls of fear {unknown}


You were on level 2 of the Dungeon.
You visited 1 branch of the dungeon, and saw 2 of its levels.

You collected 27 gold pieces.

Dungeon Overview and Level Annotations

Branches:
Dungeon (2/15)

Altars:

Annotations:
D:2 exclusion: door

# ##. #.. #.# #.#
######## #.# .......#
#.## # .......###†.#
+###.##
.......##.#'###.@ng.#
.........##..w+###$##
.......#.#.....# #
.......#.#....!#
.........#.....#
..)).)...##...##
#.#######.#####..
#.#######........
#.##.......#.##.#


You could see a necrophage and a goblin.

Notes
Turn   | Place    | Note
-------+----------+-------------------------------------------
     0 | D:1      | theanonym the Mummy Enchanter began the quest for the Orb.
     0 | D:1      | Reached XP level 1. HP: 13/13 MP: 4/4
    65 | D:1      | Reached skill level 1 in Short Blades
   138 | D:1      | Upgraded the game from 0.28-a0-381-g937acc2988 to
                  | 0.28-a0-384-g9e0c098162
   172 | D:1      | HP: 6/13 [hobgoblin (4)]
   650 | D:1      | Reached XP level 2. HP: 20/20 MP: 5/5
   828 | D:1      | Reached skill level 1 in Fighting
   829 | D:1      | HP: 10/21 [bat (1)]
   843 | D:1      | HP: 10/21 [bat (1)]
  1604 | D:2      | Reached skill level 2 in Short Blades
  1752 | D:2      | Noticed a necrophage
  1762 | D:2      | HP: 8/21 [necrophage (3)]
  1771 | D:2      | HP: 5/21 [necrophage (3)]
  1772 | D:2      | Slain by a necrophage

Vanquished Creatures
  3 dart slugs (D:1)
  3 ball pythons (D:1)
  4 endoplasms
  3 hobgoblins (D:1)
  A quokka (D:2)
  2 bats (D:1)
  2 frilled lizards (D:1)
  A kobold (D:2)
  A rat (D:1)
20 creatures vanquished.

Table legend: (Time is in decaauts)
 A = Elapsed time spent in this place.
 B = Non-inter-level travel time spent in this place.
 C = Inter-level travel time spent in this place.
 D = Time resting spent in this place.
 E = Time spent auto-exploring this place.
 F = Levels seen in this place.
 G = Mean time per level.
                   A        B        C        D        E       F      G
               +--------+--------+--------+--------+--------+-----+--------+
         Total |   1784 |   1766 |     18 |    576 |    900 |   2 |  892.0 |
       Dungeon |   1784 |   1766 |     18 |    576 |    900 |   2 |  892.0 |
               +--------+--------+--------+--------+--------+-----+--------+

Top non-repeatable levels by time:
     D:1: 1568 daAuts
     D:2: 216 daAuts
